 Dungeon Crawl Stone Soup version 0.24.0-10-g970556be89 (webtiles) character file.

Game seed: 12947463688254234638, levelgen mode: deterministic

1161 jytt13 the Spear-Bearer (level 8, -2/58 HPs)
             Began as a Formicid Fighter on Nov 3, 2019.
             Killed from afar by Sigmund (12 damage)
             ... with a puff of flame
             ... on level 5 of the Dungeon.
             The game lasted 00:29:28 (6178 turns).

jytt13 the Spear-Bearer (Formicid Fighter)          Turns: 6178, Time: 00:29:28

Health: -2/58      AC: 10    Str: 27    XL:     8   Next: 67%
Magic:  8/8        EV:  8    Int:  9    God:
Gold:   322        SH: 11    Dex: 10    Spells: 7/7 levels left

rFire    . . .     SeeInvis +   a - +0 trident
rCold    . . .     Gourm    .   c - +0 shield
rNeg     . . .     Faith    .   n - +0 chain mail
rPois    .         Spirit   .   (helmet unavailable)
rElec    .         Reflect  .   (no cloak)
rCorr    .         Harm     +   (no gloves)
MR       .....                  A - +0 pair of boots
Stlth    ..........             s - amulet of harm
HPRegen  0.19/turn              i - ring of flight
MPRegen  0.11/turn              r - ring of teleportation (curse)

@: mighty
A: permanent stasis, dig shafts and tunnels, four strong arms, antennae 3
a: Dig, Shaft Self, Evoke Flight


You were on level 5 of the Dungeon.
You were hungry.

You visited 1 branch of the dungeon, and saw 5 of its levels.

You collected 322 gold pieces.

Inventory:

Hand Weapons
 a - a +0 trident (weapon)
 v - a +0 dagger
Missiles
 k - 182 stones (quivered)
 p - a throwing net
Armour
 b - a +0 scale mail
 c - a +0 shield (worn)
 n - a +0 chain mail (worn)
 A - a +0 pair of boots (worn)
Jewellery
 i - a ring of flight (left hand)
 r - a cursed ring of teleportation (right hand)
 s - an amulet of harm (around neck)
 y - a cursed -3 ring of evasion {unknown}
Wands
 u - a wand of random effects (21)
Scrolls
 e - 2 scrolls of immolation
 g - a scroll of random uselessness {unknown}
 h - a scroll of amnesia {unknown}
 j - 5 scrolls of identify
 m - 2 scrolls of magic mapping {unknown}
 o - 2 scrolls of teleportation
 x - a scroll of fog {unknown}
Potions
 d - a potion of might
 l - 2 potions of curing {unknown}
 q - a potion of haste
 t - a potion of agility
 w - a potion of degeneration {unknown}
 z - a potion of mutation {unknown}
Comestibles
 f - 7 rations
 B - 2 chunks of flesh


   Skills:
 - Level 3.2 Fighting
 + Level 8.2 Polearms
 + Level 0.1 Throwing
 - Level 3.2 Armour
 + Level 2.1 Dodging
 + Level 1.0 Stealth
 + Level 6.7 Shields


You had 7 spell levels left.
You didn't know any spells.
Your spell library was empty.

Dungeon Overview and Level Annotations

Branches:
Dungeon (5/15)
 Temple: D:4-7

Altars:
Cheibriados
Elyvilon
Kikubaaqudgha
Vehumet
The Shining One

Annotations:
D:5 Sigmund


Innate Abilities, Weirdness & Mutations

You cannot be hasted, slowed, berserked, paralysed or teleported.
You can dig through walls and to a lower floor.
Your four strong arms can wield two-handed weapons with a shield.
You have a pair of large antennae on your head. (SInv)


Message History

Sigmund is severely wounded.
You closely miss Sigmund.
Sigmund is severely wounded.
Sigmund closely misses you.
You closely miss Sigmund.
Sigmund is severely wounded.
You block Sigmund's attack.
You closely miss Sigmund.
Sigmund is severely wounded.
You feel very mighty all of a sudden. Sigmund casts a spell at you.
You easily resist.
You closely miss Sigmund.
Sigmund is severely wounded.
You block Sigmund's attack.
You closely miss Sigmund.
Sigmund is severely wounded.
Sigmund casts a spell at you. The puff of flame hits you!
You die...

#..................#
###........[.......#
###...#...#.....)...#
......##).#####)##.## ......##..#
#.##.(## .......#..###
#.)....######### .......#....#
#....#.##.^....#### .......#....#
#<...#.##......##.. .......#....#
##@..#.##......##.. ............#
#@............##..
.......#....####.(.).............
.......#.........(...........##..
####...#@...####.>.####......##..
#..........##...# #......#...
#...######...(..# ######...##
##...# #......# #...### #.{..#
#.._...# ##.###


You could see Sigmund.

Vanquished Creatures
  2 sky beasts
  2 ogres
  2 crimson imps
  A centaur skeleton (D:5)
  4 hounds (D:5)
  Crazy Yiuf (D:2)
  An orc priest (D:4)
  2 jellies (D:5)
  2 bullfrog skeletons
  Jessica (D:2)
  Ijyb (D:4)
  4 iguanas
  3 worker ants
  4 gnolls
  6 adders
  An ooze (D:2)
  An adder skeleton (D:4)
  4 worms
  A leopard gecko (D:1)
  20 orcs
  14 bats
  3 giant cockroaches
  6 goblins
  2 hobgoblins
  5 jackals (D:1)
  2 quokkas
  A ball python (D:1)
  A frilled lizard (D:2)
  A jackal skeleton (D:4)
  4 kobolds
  5 rats
107 creatures vanquished.

Notes
Turn   | Place    | Note
-------+----------+-------------------------------------------
     0 | D:1      | jytt13 the Formicid Fighter began the quest for the Orb.
     0 | D:1      | Reached XP level 1. HP: 18/18 MP: 1/1
   198 | D:1      | Reached XP level 2. HP: 24/24 MP: 2/2
   382 | D:1      | Reached XP level 3. HP: 5/29 MP: 3/3
   987 | D:1      | Reached XP level 4. HP: 16/35 MP: 4/4
  1170 | D:1      | Reached skill level 1 in Dodging
  1179 | D:2      | Reached skill level 5 in Shields
  1274 | D:2      | Reached skill level 3 in Polearms
  1543 | D:2      | Reached XP level 5. HP: 33/41 MP: 5/5
  1746 | D:2      | Found a white marble altar of Elyvilon.
  1752 | D:2      | Noticed Jessica
  1761 | D:2      | Killed Jessica
  1939 | D:2      | Found a runed translucent door.
  1940 | D:2      | Noticed Crazy Yiuf
  2059 | D:2      | Killed Crazy Yiuf
  2059 | D:2      | Reached skill level 4 in Polearms
  2735 | D:3      | Reached XP level 6. HP: 47/47 MP: 6/6
  2938 | D:3      | Found an ancient bone altar of Kikubaaqudgha.
  3361 | D:4      | Found a radiant altar of Vehumet.
  3552 | D:4      | Noticed Ijyb
  3570 | D:4      | Killed Ijyb
  3570 | D:4      | Reached skill level 5 in Polearms
  3589 | D:4      | Found a glowing golden altar of the Shining One.
  4027 | D:4      | Noticed an ogre
  4083 | D:4      | Killed an ogre
  4083 | D:4      | Reached XP level 7. HP: 52/52 MP: 7/7
  4547 | D:4      | Reached skill level 6 in Polearms
  4727 | D:5      | Entered Level 5 of the Dungeon
  4727 | D:5      | Noticed Sigmund
  4812 | D:5      | Found a snail-covered altar of Cheibriados.
  4933 | D:4      | Reached skill level 1 in Stealth
  4943 | D:5      | Reached XP level 8. HP: 33/58 MP: 8/8
  4982 | D:5      | Reached skill level 7 in Polearms
  5656 | D:5      | Reached skill level 8 in Polearms
  6178 | D:5      | Killed from afar by Sigmund

Levels and vault maps discovered:
D:1:      sevenhm_arrival_forest_fort_large_2, layout_rooms
D:2:      layout_loops_ring, elyvilon_altar_1, uniq_crazy_yiuf_cottage,
          uniq_jessica
D:3:      layout_loops_ring, lemuel_doored_altar, first_ration
D:4:      layout_basic, vehumet_crystals, nicolae_overflow_crystal_walls,
          chequers_arboretum, uniq_ijyb
D:5:      layout_rooms, basic_altar, st_stairs_6, grunt_decor_resistance,
          uniq_sigmund

Skill      XL: |  1  2  3  4  5  6  7  8 |
---------------+-------------------------+-----
Shields        | 4 5 6 |  6.7
Dodging        | 1 2 |  2.1
Polearms       | 3 4 5 6 8 |  8.2
Stealth        | 1 |  1.0
Fighting       | |  3.2
Throwing       | |  0.1
Armour         | |  3.2

Action                   |  1- 3 |  4- 6 |  7- 9 || total
-------------------------+-------+-------+-------++-------
Melee: Trident           |   122 |   232 |   174 ||   528
Throw: Stone             |     2 |     1 |     6 ||     9
  Use: Scroll            |       |     5 |       ||     5
       Potion            |       |       |     1 ||     1
  Eat: Chunk             |       |     7 |     3 ||    10
       Ration            |       |     1 |     1 ||     2
Armor: Scale mail        |    51 |       |       ||    51
       Chain mail        |     6 |    83 |    62 ||   151
Dodge: Dodged            |    53 |    47 |    32 ||   132
Block: Shield            |    64 |    94 |    82 ||   240
